 Dungeon Crawl Stone Soup version 0.24.0-29-g8ce449bc06 (webtiles) character file.

Game seed: 17902993189327867806, levelgen mode: deterministic

122 Flugslaktarn the Chopper (level 4, -1/41 HPs)
             Began as a Minotaur Monk on Nov 15, 2019.
             Slain by Sigmund
             ... wielding a +0 scythe
              (8 damage)
             ... on level 2 of the Dungeon.
             The game lasted 00:00:40 (1694 turns).

Flugslaktarn the Chopper (Minotaur Monk)            Turns: 1694, Time: 00:00:41

Health: -1/41      AC:  2    Str: 16    XL:     4   Next: 78%
Magic:  3/3        EV: 14    Int:  7    God:
Gold:   48         SH:  0    Dex: 13    Spells: 3/3 levels left

rFire    . . .     SeeInvis .   a - +0 hand axe
rCold    . . .     Gourm    .   (no shield)
rNeg     . . .     Faith    .   b - +0 robe
rPois    .         Spirit   .   (helmet restricted)
rElec    .         Reflect  .   (no cloak)
rCorr    .         Harm     .   (no gloves)
MR       .....                  (no boots)
Stlth    ++........             (no amulet)
HPRegen  0.13/turn              (no ring)
MPRegen  0.08/turn              (no ring)

@: hasted, very quick
A: retaliatory headbutt, horns 2
a: no special abilities


You were on level 2 of the Dungeon.
You were not hungry.

You visited 1 branch of the dungeon, and saw 2 of its levels.

You collected 48 gold pieces.

Inventory:

Hand Weapons
 a - a +0 hand axe (weapon)
Armour
 b - a +0 robe (worn)
Jewellery
 d - a cursed ring of teleportation {unknown}
   (You found it on level 1 of the Dungeon)
Scrolls
 f - 2 scrolls of enchant weapon {unknown}
 h - a scroll of enchant armour {unknown}
 k - 2 scrolls of amnesia {unknown}
Potions
 i - a potion of ambrosia {unknown}
 j - a potion of mutation {unknown}
Comestibles
 c - a chunk of flesh
 e - 2 rations


   Skills:
 + Level 4.4 Fighting
 * Level 5.0 Axes
 + Level 2.2 Armour
 + Level 4.0 Dodging
 - Level 1.5 Stealth


You had 3 spell levels left.
You didn't know any spells.
Your spell library was empty.

Dungeon Overview and Level Annotations

Branches:
Dungeon (2/15)

Altars:

Annotations:
D:2 Sigmund


Innate Abilities, Weirdness & Mutations

You reflexively headbutt those who attack you in melee.
You have a pair of horns on your head.


Message History

You closely miss the rat. You headbutt the rat, but do no damage.
The rat closely misses you.
You hit the rat. You headbutt the rat.
You kill the rat!
You hear some strange, mumbled words.
Something tries to affect you, but you resist.
You closely miss something.
You hear some strange, mumbled words.
Something tries to affect you, but you resist.
You miss something. Your headbutt misses something. Something hits you.
You hit something. You headbutt something. Something hits you.
You miss something. You headbutt something. Something hits you!
* * * LOW HITPOINT WARNING * * *
You miss something. You slash something! You headbutt something.
You hear some strange, mumbled words.
Something tries to affect you, but you resist.
Unknown command.
It was a potion of haste.
You feel yourself speed up. Something hits you!
You die...

####.# #.......... .....#
#..[.......
....#########..........
.##..[.................
..#......#.##.............
....######)###.........<.
.# .....# #..........# ...
.# ##<..###
######..######.##.#####
###....##
##@..........#...# #
##<#..###
##{.............. #
#..(...# #.w####..........
##..##.## ##.##
##........(. #...#..#
#...###...........
###.##(##
#...#..w#......... #..#..#
#.....####...#...# ##....#
#...### ##.## ###
##...###.### .#


You could see a worm.

Vanquished Creatures
  A scorpion (D:2)
  Terence (D:2)
  An adder (D:2)
  A dart slug (D:1)
  6 leopard geckos
  2 ball pythons (D:1)
  3 bats
  3 hobgoblins
  4 kobolds
  4 frilled lizards
  5 goblins
  2 rats (D:2)
33 creatures vanquished.

Notes
Turn   | Place    | Note
-------+----------+-------------------------------------------
     0 | D:1      | Flugslaktarn the Minotaur Monk began the quest for the Orb.
     0 | D:1      | Reached XP level 1. HP: 19/19 MP: 0/0
   269 | D:1      | Reached skill level 4 in Axes
   269 | D:1      | Reached XP level 2. HP: 22/27 MP: 1/1
   536 | D:1      | Reached skill level 1 in Armour
  1202 | D:2      | Reached XP level 3. HP: 33/33 MP: 2/2
  1515 | D:2      | Noticed a scorpion
  1523 | D:2      | Killed a scorpion
  1523 | D:2      | Reached XP level 4. HP: 27/40 MP: 3/3
  1643 | D:2      | Noticed Terence
  1646 | D:2      | Killed Terence
  1646 | D:2      | Reached skill level 5 in Axes
  1664 | D:2      | Noticed Sigmund
  1694 | D:2      | Slain by Sigmund

Levels and vault maps discovered:
D:1:      psy_arrival_fountain, layout_basic, minmay_pentomino_r4
D:2:      layout_rooms, lemuel_crystal_altar, uniq_natasha, uniq_sigmund,
          uniq_terence

Skill      XL: |  1  2  3  4 |
---------------+-------------+-----
Axes           | 4 5 |  5.0
Armour         | 1 2 |  2.2
Fighting       | 4 |  4.4
Dodging        | 4 |  4.0
Stealth        | |  1.5

Action                   |  1- 3 |  4- 6 || total
-------------------------+-------+-------++-------
Melee: Hand axe          |    53 |    13 ||    66
       Headbutt          |     5 |     7 ||    12
  Use: Potion            |       |     1 ||     1
 Stab: Sleeping          |     3 |       ||     3
  Eat: Chunk             |     2 |       ||     2
Armor: Robe              |     5 |     1 ||     6
Dodge: Dodged            |    43 |     8 ||    51
